 Dungeon Crawl Stone Soup version 0.19.0-19-g8c6edcc (webtiles) character file.

37 HungrySpirit the Grave Robber (level 3, -4/27 HPs)
             Began as a Mummy Necromancer on Nov 13, 2016.
             Slain by Sigmund
             ... wielding a +0 scythe
              (8 damage)
             ... on level 2 of the Dungeon.
             The game lasted 00:02:51 (2163 turns).

HungrySpirit the Grave Robber (Mummy Necromancer)   Turns: 2163, Time: 00:02:52

Health: -4/27      AC:  2    Str: 12    XL:     3   Next: 21%
Magic:  6/6        EV: 12    Int: 14    God:
Gold:   97         SH:  0    Dex: 12    Spells: 1 memorised, 5 levels left

rFire  x . .     SeeInvis .     e - +0 hand axe
rCold  + . .     Gourm    .     a - +0 robe
rNeg   + + +     Faith    .     (no shield)
rPois  ∞         Spirit   .     (no helmet)
rElec  .         Reflect  .     (no cloak)
rCorr  .         Harm     .     (no gloves)
MR     .....                    (no boots)
Stlth  ++........               (no amulet)
                                (no ring)
                                (no ring)

@: no status effects
A: no food or potions, fire vulnerability, cold resistance 1, negative energy
resistance 3, torment resistance, unbreathing
a: no special abilities


You were on level 2 of the Dungeon.
You were not hungry.

You visited 1 branch of the dungeon, and saw 2 of its levels.

You collected 97 gold pieces.

Inventory:

Hand Weapons
 e - a +0 hand axe (weapon)
Armour
 a - a +0 robe (worn)
Scrolls
 c - 6 scrolls of identify {unknown}
 d - a scroll of enchant weapon {unknown}
 f - a scroll of immolation {unknown}
 g - a scroll of fog {unknown}
 h - a scroll of amnesia {unknown}
 i - a scroll of noise {unknown}
 j - a scroll of fear {unknown}
Books
 b - a book of Necromancy

   Spells                             Type                      Level
   a - Pain                           Necromancy                   1
   b - Animate Skeleton               Necromancy                   1
   c - Vampiric Draining              Necromancy                   3
   d - Regeneration                   Charms/Necromancy            3
   e - Animate Dead                   Necromancy                   4
   f - Control Undead                 Necromancy                   4


   Skills:
 + Level 2.1 Fighting
 * Level 1.3 Axes
 - Level 1.5 Dodging
 - Level 1.5 Stealth
 - Level 2.0 Spellcasting
 - Level 4.0 Necromancy


You had 5 spell levels left.
You knew the following spells:

 Your Spells              Type           Power        Failure   Level  Hunger
a - Pain                  Necr           ##..         4%          1    N/A

Dungeon Overview and Level Annotations

Branches:
Dungeon (2/15)

Altars:
Nemelex Xobeh

Annotations:
D:2 Sigmund


Innate Abilities, Weirdness & Mutations

You do not eat or drink.
Your flesh is vulnerable to fire.
You are immune to poison.
Your flesh is cold resistant. (rC+)
You are immune to negative energy. (rN+++)
You are immune to unholy pain and torment.
You can survive without breathing.


Message History

Press: ? - help, Shift-Dir - straight line You throw a javelin.
Throwing (i - inventory):
k - 3 javelins (quivered)
Press: ? - help, Shift-Dir - straight line You throw a javelin.
A magic dart appears from out of thin air!
The magic dart hits you!
Throwing (i - inventory):
k - 2 javelins (quivered)
Press: ? - help, Shift-Dir - straight line You throw a javelin.
You hear some strange, mumbled words.
Something tries to affect you, but you resist.
Throwing (i - inventory):
k - a javelin (quivered)
Press: ? - help, Shift-Dir - straight line You throw a javelin.
Something hits you!
You barely miss something. Something hits you!
* * * LOW HITPOINT WARNING * * *
You hit something. Something barely misses you.
You barely miss something. Something hits you!
You die...

### #.# #.....#
..# #.# #####.#
..# #.# #.# ..#
#.#
##########.#
..# #.#
#..........#
..# #.#
#.##########.
..# #.#
#.#..........
..# #.#
#.##.########.#
'## #.#
#..>...@{...((#
..# #.#
####.##########
#.# #.# #.#
#.## #.# #.#
#..# #.# #.#
...# #.# #.#
...###.# #.#
....##.# #.#
....##.# #.#


There were no monsters in sight!

Vanquished Creatures
  2 worms (D:2)
  A leopard gecko (D:1)
  A giant cockroach (D:1)
  8 goblins
  2 hobgoblins
  A ball python (D:1)
  2 bats (D:1)
  4 frilled lizards
  6 kobolds
  5 rats
32 creatures vanquished.

Notes
Turn   | Place    | Note
-------+----------+-------------------------------------------
     0 | D:1      | HungrySpirit the Mummy Necromancer began the quest for the Orb.
     0 | D:1      | Reached XP level 1. HP: 13/13 MP: 3/3
   203 | D:1      | Reached skill level 1 in Fighting
   441 | D:1      | Reached XP level 2. HP: 16/22 MP: 5/5
   952 | D:1      | Reached skill level 1 in Axes
  1584 | D:2      | Reached XP level 3. HP: 15/27 MP: 6/6
  1976 | D:2      | Found a sparkling altar of Nemelex Xobeh.
  2153 | D:2      | Noticed Sigmund
  2163 | D:2      | Slain by Sigmund

Skill      XL: |  1  2 |
---------------+-------+-----
Fighting       | 1 2 |  2.1
Axes           | 1 |  1.3
Dodging        | |  1.5
Stealth        | |  1.5
Spellcasting   | |  2.0
Necromancy     | |  4.0

Action                   || total
-------------------------++-------
Melee: Dagger            ||    24
       Hand axe          ||    65
Throw: Javelin           ||    17
 Cast: Pain              ||    11
 Stab: Sleeping          ||     2
Armor: Robe              ||    16
Dodge: Dodged            ||    64
